 Dungeon Crawl Stone Soup version 0.22-a0-601-gb0ed703 (webtiles) character file.

6562 sking99 the Spear-Bearer (level 10, 0/90 HPs)
             Began as a Minotaur Fighter on July 6, 2018.
             Was a Priest of Yredelemnul.
             Slain by an ice devil (11 damage)
             ... in an ice cave.
             The game lasted 00:21:34 (9259 turns).

sking99 the Spear-Bearer (Minotaur Fighter)         Turns: 9259, Time: 00:21:35

Health: 0/90       AC: 12    Str: 21    XL:     10   Next: 70%
Magic:  13/13      EV:  8    Int:  5    God:    Yredelemnul [***...]
Gold:   604        SH:  9    Dex: 13    Spells: 9/9 levels left

rFire    x . .     SeeInvis .   D - +1 trident (pierce)
rCold    + . .     Gourm    .   c - +0 shield
rNeg     . . .     Faith    .   h - +0 chain mail
rPois    .         Spirit   .   (helmet restricted)
rElec    .         Reflect  .   G - +0 cloak
rCorr    +         Harm     .   j - +1 pair of gloves
MR       .....                  (no boots)
Stlth    ..........             (no amulet)
HPRegen  0.25/turn              r - ring of resist corrosion
MPRegen  0.13/turn              e - ring of ice

@: no status effects
A: retaliatory headbutt, horns 2
a: Recall Undead Slaves, Injury Mirror, Animate Dead, Renounce Religion


You were in an ice cave.
You worshipped Yredelemnul.
Yredelemnul was most pleased with you.
You were near starving.

You visited 2 branches of the dungeon, and saw 12 of its levels.
You also visited: Ice Cave.

You collected 604 gold pieces.

Inventory:

Hand Weapons
 D - a +1 trident of piercing (weapon)
Missiles
 C - a throwing net (quivered)
Armour
 c - a +0 shield (worn)
 h - a +0 chain mail (worn)
 j - a +1 pair of gloves (worn)
 F - a +0 large shield
 G - a +0 cloak (worn)
Jewellery
 e - a ring of ice (right hand)
 r - a ring of resist corrosion (left hand)
 B - an uncursed ring of fire
Wands
 y - a wand of iceblast (17)
 z - a wand of flame (25)
 I - a wand of random effects (64)
 K - a wand of disintegration (17)
Scrolls
 a - a scroll of noise {unknown}
 g - 9 scrolls of remove curse
 n - a scroll of immolation
 t - 4 scrolls of enchant weapon
 u - 4 scrolls of teleportation
 w - a scroll of fog
 x - 4 scrolls of identify
 J - a scroll of fear
Potions
 b - a potion of invisibility {unknown}
 d - 3 potions of might
 i - 2 potions of degeneration
 k - 2 potions of flight {unknown}
 l - a potion of ambrosia {unknown}
 m - 2 potions of haste
 o - 2 potions of lignification {unknown}
 p - 2 potions of agility
 q - 4 potions of heal wounds
 s - a potion of brilliance
 v - a potion of cancellation
 A - 3 potions of curing {unknown}
 H - 3 potions of mutation {unknown}
Comestibles
 f - 28 rations


   Skills:
 - Level 8.6 Fighting
 - Level 14.0 Polearms
 - Level 3.6 Armour
 + Level 6.7 Dodging
 - Level 3.6 Shields
 + Level 6.0 Invocations


You had 9 spell levels left.
You didn't know any spells.
Your spell library contained the following spells:

 Spells                   Type           Power        Failure   Level  Hunger
 Fireball                 Conj/Fire      #.........   100%        5    ######.
 Conjure Flame            Conj/Fire      #.......     100%        3    ####...
 Throw Flame              Conj/Fire      #.....       100%        2    ###....
 Sticky Flame             Conj/Fire      #.......     100%        4    #####..
 Flame Tongue             Conj/Fire      #....        100%        1    ##.....
 Inner Flame              Hex/Fire       #.......     100%        3    ####...


Dungeon Overview and Level Annotations

Branches:
Dungeon (11/15)            Temple (1/1) D:4            Lair (0/6) D:10
    Orc (0/2) D:11

Altars:
Ashenzari
Cheibriados
Dithmenos
Elyvilon
Fedhas
Gozag
Hepliaklqana
Kikubaaqudgha
Makhleb
Nemelex Xobeh
Okawaru
Qazlal
Ru
Sif Muna
Trog
Uskayaw
Vehumet
Wu Jian
Xom
Yredelemnul
Zin
The Shining One

Shops:
D:10 (


Innate Abilities, Weirdness & Mutations

You reflexively headbutt those who attack you in melee.
You have a pair of horns on your head.


Message History

* * * LOW HITPOINT WARNING * * *
The ice devil freezes you. You resist.
* * * LOW HITPOINT WARNING * * *
The ice devil hits you but does no damage.
The white imp gestures at you. The puff of frost hits you! You resist.
* * * LOW HITPOINT WARNING * * *
Your surroundings suddenly seem different.
A white imp comes into view.
The white imp shouts, "Decamp, thou spongy fool-born giglet!"
You block the white imp's attack.
Found a runed scythe.
You puncture the white imp!
You kill the white imp!
Yredelemnul accepts your kill.
An ice devil comes into view. 2 ice devils come into view.
The ice devil hits you!
You die...
Your body rises from the dead as a mindless zombie.

#...∩... .4§ ##.....# .§.
#.§§ ##...## ... #4§§
##...# ###..#§§# #...##
.....#.§§ #...## #.....§##
##...## #......### ##...#
#......@4# ##..#
####..##§§§.§# ##..##
.......## .§§### #..##
....... §### ####..###
#...... ## ###.#§...#.
...#### ###.......... .#
####......§§≈...
###########..........§....
##)..##.........#..........


You could see 2 ice devils.

Vanquished Creatures
  Fannar (D:10)
  2 ice statues (IceCv)
  An ice devil (IceCv)
  2 trolls
  Grinder (D:4)
  A hippogriff (D:8)
  Sigmund (D:6)
  2 hell hounds (D:10)
  A water moccasin (D:5)
  4 orc warriors
  A sky beast (D:8)
  A black bear (D:8)
  3 ice beasts
  2 phantoms
  3 centaurs
  5 ogres
  5 bullfrogs
  A gnoll sergeant (D:7)
  A scorpion (D:9)
  A howler monkey (D:8)
  7 crimson imps
  A centaur zombie (D:8)
  A quasit (D:7)
  8 orc priests
  2 hounds
  2 jellies (D:6)
  4 orc wizards
  A centaur skeleton (D:11)
  2 iguanas
  6 worker ants
  Robin (D:4)
  3 gnolls (D:7)
  A howler monkey skeleton (D:5)
  11 adders
  A shadow imp (D:6)
  12 white imps
  3 ufetubi (IceCv)
  An ooze (D:1)
  4 adder skeletons
  A worm (D:6)
  7 leopard geckos
  22 orcs
  7 giant cockroaches
  9 goblins
  9 hobgoblins
  12 jackals
  5 kobolds
  6 quokkas
  A ball python (D:1)
  6 bats
  3 frilled lizards
  A quokka skeleton (D:4)
  8 rats
  3 rat zombies (D:7)
210 creatures vanquished.

Vanquished Creatures (collateral kills)
  The ghost of Deathmic the Destroyer, a novice DECj of Vehumet (D:8)
  A centaur skeleton (D:9)
  An adder (D:7)
  4 white imps (D:11)
  An orc (D:10)
  A giant cockroach (D:7)
  A jackal (D:7)
10 creatures vanquished.

Vanquished Creatures (others)
  A reaper (IceCv)
  A hell hound zombie (D:10)
  A bullfrog zombie (D:8)
  A sky beast zombie (D:8)
  A dwarf skeleton (D:9)
  An orc skeleton (D:8)
  6 white imps (IceCv)
  3 ufetubi (IceCv)
  An iguana zombie (D:8)
  An orc zombie (D:8)
17 creatures vanquished.

Grand Total: 237 creatures vanquished

Notes
Turn   | Place    | Note
-------+----------+-------------------------------------------
     0 | D:1      | sking99 the Minotaur Fighter began the quest for the Orb.
     0 | D:1      | Reached XP level 1. HP: 19/19 MP: 0/0
    34 | D:1      | Reached skill level 3 in Polearms
    61 | D:1      | Reached XP level 2. HP: 26/27 MP: 1/1
   785 | D:1      | Reached XP level 3. HP: 33/33 MP: 2/2
  1030 | D:2      | Reached skill level 4 in Polearms
  1075 | D:2      | Found a shattered altar of Ashenzari.
  1629 | D:3      | Reached XP level 4. HP: 41/41 MP: 3/3
  2104 | D:3      | Reached skill level 5 in Polearms
  2567 | D:4      | Reached XP level 5. HP: 42/47 MP: 4/4
  2570 | D:4      | Noticed Robin
  2593 | D:4      | Reached skill level 5 in Fighting
  2609 | D:4      | Killed Robin
  2765 | D:4      | Reached skill level 6 in Polearms
  2918 | D:4      | Reached XP level 6. HP: 40/56 MP: 5/5
  2938 | D:4      | Noticed Grinder
  2957 | D:4      | Killed Grinder
  2957 | D:4      | Reached skill level 7 in Polearms
  3158 | D:4      | Reached XP level 7. HP: 63/63 MP: 6/6
  3392 | D:4      | Found a staircase to the Ecumenical Temple.
  3487 | Temple   | Entered the Ecumenical Temple
  3702 | Temple   | Became a worshipper of Yredelemnul the Dark
  3874 | D:4      | Reached skill level 8 in Polearms
  4208 | D:5      | Entered Level 5 of the Dungeon
  4333 | D:5      | Reached skill level 9 in Polearms
  4405 | D:5      | Found an iron altar of Okawaru.
  4506 | D:5      | Reached XP level 8. HP: 73/73 MP: 7/7
  4587 | D:5      | Reached * piety under Yredelemnul
  4715 | D:6      | Found a blossoming altar of Fedhas.
  4761 | D:6      | Noticed Sigmund
  4773 | D:6      | Killed Sigmund
  4773 | D:6      | Reached skill level 10 in Polearms
  4955 | D:6      | Found a burning altar of Makhleb.
  5135 | D:6      | Found a snail-covered altar of Cheibriados.
  5187 | D:6      | Found a hazy altar of Hepliaklqana.
  5463 | D:7      | Reached skill level 11 in Polearms
  5567 | D:7      | Reached ** piety under Yredelemnul
  5677 | D:7      | Found a stormy altar of Qazlal.
  5678 | D:7      | Noticed an air elemental
  5705 | D:7      | Reached skill level 1 in Dodging
  5705 | D:7      | Reached skill level 1 in Invocations
  5737 | D:7      | Reached XP level 9. HP: 76/82 MP: 8/8
  5739 | D:7      | Found a hide-covered altar of Uskayaw.
  5946 | D:7      | Found an ancient bone altar of Kikubaaqudgha.
  6270 | D:8      | Reached skill level 12 in Polearms
  6340 | D:8      | Found a large runed door.
  6341 | D:8      | Found a large runed door.
  6353 | D:8      | Noticed Deathmic's ghost (novice DECj)
  6393 | D:8      | Killed Deathmic's ghost
  6701 | D:8      | Reached skill level 13 in Polearms
  6984 | D:9      | Reached XP level 10. HP: 74/90 MP: 12/12
  7684 | D:9      | Found a sparkling altar of Nemelex Xobeh.
  7711 | D:10     | Entered Level 10 of the Dungeon
  7751 | D:10     | Found a staircase to the Lair.
  7763 | D:10     | Reached skill level 5 in Dodging
  7775 | D:10     | Reached *** piety under Yredelemnul
  8354 | D:10     | Noticed Fannar
  8377 | D:10     | Killed Fannar
  8377 | D:10     | Reached skill level 5 in Invocations
  8441 | D:10     | Found Texzi's Weapon Shop.
  8699 | D:11     | Received a gift from Yredelemnul (3 flying skulls)
  8717 | D:11     | Found a frozen archway.
  8734 | IceCv    | Entered an ice cave
  8765 | IceCv    | Reached skill level 14 in Polearms
  8973 | IceCv    | Noticed an ice statue
  8973 | IceCv    | Noticed an ice statue
  8984 | IceCv    | Killed an ice statue
  8999 | IceCv    | Killed a reaper
  9216 | IceCv    | Killed an ice statue
  9259 | IceCv    | Slain by an ice devil

Vault maps used:
D:1:      grunt_arrival_crossed_arrows, hangedman_decor_push, minmay_box_of_dots
D:2:      nicolae_ashenzari_panopticon
D:4:      minmay_temple_entry_fiery, uniq_robin, uniq_grinder
D:5:      first_ration, small_statue_intersection, okawaru_ov_weapons_minmay
D:6:      slow_altar_2, nicolae_overflow_crystal_walls,
          lemuel_coloured_pillars_altar, bloody_makhleb, uniq_sigmund
D:7:      overflow_temple_1_default, lemuel_zombie_altar_kikubaaqudgha,
          nicolae_qazlal_style_of_elements
D:8:      ebering_ghost_disaster_area
D:9:      nicolae_overflow_hidden_temple, grunt_ogre_cave
D:10:     minmay_lair_entry_lava, serial_shops, shop_statue, uniq_fannar
D:11:     david_orc_4, portal_ice_cave_entry_imps, uniq_urug, uniq_josephine
Temple:   dpeg_chambers_temple
IceCv:    ice_cave_small_demon

Skill      XL: |  1  2  3  4  5  6  7  8  9 10 |
---------------+-------------------------------+-----
Polearms       | 3 4 5 6 7 9 11 13 14 | 14.0
Fighting       | 4 5 6 7 8 |  8.6
Dodging        | 1 4 6 |  6.7
Invocations    | 1 4 6 |  6.0
Armour         | |  3.6
Shields        | |  3.6

Action                   |  1- 3 |  4- 6 |  7- 9 | 10-12 || total
-------------------------+-------+-------+-------+-------++-------
Melee: Trident           |   108 |   132 |   415 |   200 ||   855
       Headbutt          |     9 |    16 |    66 |    56 ||   147
Invok: Animate Remains   |       |       |    16 |     1 ||    17
       Animate Dead      |       |       |       |     2 ||     2
       Recall Undead Sla |       |       |       |     1 ||     1
  Use: Scroll            |       |    11 |       |     6 ||    17
       Potion            |       |     1 |       |       ||     1
 Stab: Distracted        |       |       |     2 |     1 ||     3
  Eat: Chunk             |     2 |     5 |    17 |     7 ||    31
Armor: Scale mail        |     4 |       |       |       ||     4
       Chain mail        |    39 |    49 |   138 |    49 ||   275
Dodge: Dodged            |    17 |    14 |    56 |    34 ||   121
Block: Shield            |    51 |    49 |   122 |    65 ||   287

Table legend:
 A = Spawn XP
 B = Non-spawn XP
 C = Spawn XP percentage of total XP
 D = Spawn monster count
 E = Non-spawn monster count
 F = Spawn count percentage of total count
 G = Total turns spent on level
                    A         B        C        D         E        F      G
               +---------+---------+-------+---------+---------+-------+---------
         Total |       0 |    9375 |   0.0 |       0 |     220 |   0.0 |  9259
               +---------+---------+-------+---------+---------+-------+---------
           D:1 |       0 |      43 |   0.0 |       0 |      23 |   0.0 |   980
           D:2 |       0 |      42 |   0.0 |       0 |      11 |   0.0 |   597
           D:3 |       0 |      71 |   0.0 |       0 |      17 |   0.0 |   885
           D:4 |       0 |     729 |   0.0 |       0 |      33 |   0.0 |  1515
           D:5 |       0 |     638 |   0.0 |       0 |      19 |   0.0 |   480
           D:6 |       0 |     376 |   0.0 |       0 |      11 |   0.0 |   541
           D:7 |       0 |    1269 |   0.0 |       0 |      32 |   0.0 |   849
           D:8 |       0 |    2162 |   0.0 |       0 |      25 |   0.0 |   810
           D:9 |       0 |     663 |   0.0 |       0 |       9 |   0.0 |   823
          D:10 |       0 |    1766 |   0.0 |       0 |      15 |   0.0 |   936
          D:11 |       0 |     297 |   0.0 |       0 |      15 |   0.0 |    87
         IceCv |       0 |    1319 |   0.0 |       0 |      10 |   0.0 |   525
               +---------+---------+-------+---------+---------+-------+---------
